 Dungeon Sprint DCSS version 0.28.0-53-g5a82cb258f (webtiles) character file.

Game seed: 8567009698642238936

3200000 Zeld the Intangible (level 20, -33/181 HPs)
             Began as a Djinni Monk on June 5, 2022.
             Was the Champion of Makhleb.
             Annihilated by a destroyer
             ... wielding a +9 vorpal great sword
              (204 damage)
             ... in the Dungeon (Sprint VIII: "Arena of Blood").
             The game lasted 00:00:51 (32 turns).

Zeld the Intangible (Djinni Monk)                     Turns: 32, Time: 00:00:52

Health: -33/181    AC:  2    Str: 16    XL:     20   Next: 27%
Gold:   0          EV: 31    Int: 12    God:    Makhleb [******] SH:  0 Dex: 19

rFire   + + .      SeeInvis .   g - +∞ Axe of Woe
rCold   x . .      Faith    .   (shield currently unavailable)
rNeg    . . .      Spirit   .   a - +0 robe
rPois   ∞          Reflect  .   (no helmet)
rElec   .          Harm     .   (no cloak)
rCorr   .          Rampage  .   (no gloves)
Will    ++...      NoTele   +   (boots unavailable)
Stlth   ++........              (no amulet)
HPRegen 0.40/turn               (no ring)
MPRegen 0.00/turn               (no ring)

@: flying
A: sickness immunity, fire resistance 2, cold vulnerability 1, float, innate
caster, HP casting, extra vitality 1
a: Renounce Religion, Minor Destruction, Lesser Servant of Makhleb, Major
Destruction, Greater Servant of Makhleb


You were in the Dungeon.
You worshipped Makhleb.
Makhleb was exalted by your worship.
You visited 1 branch

Inventory:

Hand Weapons
 g - the +∞ Axe of Woe (weapon)
   (You found it in the Dungeon)
Armour
 a - a +0 robe (worn)
Scrolls
 f - a scroll of blinking
Potions
 b - a potion of curing
 c - a potion of heal wounds
 d - a potion of haste
 e - a potion of berserk rage


   Skills:
 O Level 27 Fighting
 O Level 27 Axes
 O Level 27 Dodging
 - Level 1.5 Stealth
 - Level 3.0 Unarmed Combat
 O Level 27 Spellcasting
 O Level 27 Invocations


You had 36 spell levels left.
You knew the following spells:

 Your Spells              Type           Power      Damage    Failure   Level
a - Slow                  Hex            100%       N/A       0%          1
b - Call Imp              Summ           69%        N/A       0%          2
c - Corpse Rot            Necr/Air       100%       N/A       0%          2
d - Portal Projectile     Hex/Tloc       100%       N/A       0%          3
e - Summon Mana Viper     Hex/Summ       69%        N/A       0%          5
f - Yara's Violent Unrav  Hex/Tmut       34%        3d14      0%          5
g - Conjure Ball Lightni  Conj/Air       34%        3x3d11    0%          6
h - Enfeeble              Hex            34%        N/A       1%          7
i - Simulacrum            Ice/Necr       34%        N/A       0%          6
Your spell library was empty.

Dungeon Overview and Level Annotations

Branches:
Dungeon (1/1)

Altars:
Makhleb


Innate Abilities, Weirdness & Mutations

You are immune to sickness and miasma.
You are immune to poison.
Your flesh is very heat resistant. (rF++)
You are vulnerable to cold. (rC-)
You float through the air rather than walking.
You learn spells naturally, not from books.
Your magical power is your life essence.
You have superior vitality. (+4 MHP)


Message History

A large bag of meat comes into view. It is wielding a +9 giant spiked club.
You hear a shout!
The destroyer gestures at you while chanting.
The destroyer blinks!
You hear a shout! x2
Unknown command.
Unknown command.
You slash the bag of meat!
You slaughter the bag of meat joyfully.
You kill the bag of meat!
Makhleb accepts your kill.
You feel better.
You hear a shout! x6
Your Spellcasting skill increases to level 26!
You have reached level 20!
You feel clever.
Unknown command.
You slice the large bag of meat!!
Flame seeps out of the large bag of meat.
You pulverise the large bag of meat into a thin bloody mist.
Makhleb accepts your kill.
You feel better.
The large bag of meat explodes!
The fiery explosion engulfs the destroyer!!!
The fiery explosion engulfs you! You resist.
You are engulfed in blazing flames.
You resist.
You hear a shout! x4
A bag of meat comes into view. It is wielding a +9 war axe.
You hear a shout! x3
You have mastered Spellcasting!
A destroyer comes into view. It is wielding a +9 vorpal great sword.
Unknown command.
Unknown command.
A meat berserker comes into view. It is wielding a +9 battleaxe.
The meat berserker shouts!
You hear a shout! x5
A bag of meat comes into view. It is wielding a +9 war axe.
You hear a shout!
The destroyer is engulfed in blazing flames.
The destroyer hits you with a +9 vorpal great sword!!!!!
Ouch! That really hurt!
You die...

.. .. .. ...
#.. ..# #.. ..#
. .###..
..###..
......###......
o......_.......
....#§§V..#....
. #_○§@_# .
#§§§).#
......Z_Z...o..
......###o.oO..
.###.. ..###oo
#.. ..# O #..
..# .. ..V ..
..


You could see 2 destroyers, a large bag of meat (inner flame), a meat berserker
(berserk), 4 bags of meat and 2 friendly ogre simulacra.

Vanquished Creatures
  A vampire knight (D)
  9 ogres (D)
  A two-headed ogre (D)
  14 orcs (D)
25 creatures vanquished.

Notes
Turn   | Place    | Note
-------+----------+-------------------------------------------
     0 | D        | Found the +∞ Axe of Woe
     0 | D        | Zeld the Djinni Monk began the quest for the Orb.
     0 | D        | Reached XP level 1. HP: 20/20 MP: 0/0
     2 | D        | Noticed a bag of meat
     3 | D        | Noticed a bag of meat
     4 | D        | Became a worshipper of Makhleb the Destroyer
     4 | D        | Reached * piety under Makhleb
     4 | D        | Reached ** piety under Makhleb
     4 | D        | Noticed a meat berserker
     4 | D        | Noticed a meat berserker
     5 | D        | Killed a meat berserker
     6 | D        | Reached skill level 15 in Dodging
     6 | D        | Reached skill level 10 in Spellcasting
     6 | D        | Reached XP level 2. HP: 42/42 MP: 0/0
     6 | D        | Reached XP level 3. HP: 48/48 MP: 0/0
     6 | D        | Learned a level 1 spell: Slow
     6 | D        | Reached XP level 4. HP: 54/54 MP: 0/0
     6 | D        | Reached XP level 5. HP: 59/59 MP: 0/0
     6 | D        | Learned a level 2 spell: Call Imp
     6 | D        | Reached XP level 6. HP: 66/66 MP: 0/0
     6 | D        | Reached XP level 7. HP: 71/71 MP: 0/0
     6 | D        | Learned a level 2 spell: Corpse Rot
     6 | D        | Reached XP level 8. HP: 77/77 MP: 0/0
     6 | D        | Reached XP level 9. HP: 83/83 MP: 0/0
     6 | D        | Learned a level 3 spell: Portal Projectile
     6 | D        | Reached XP level 10. HP: 89/89 MP: 0/0
     6 | D        | Reached XP level 11. HP: 94/94 MP: 0/0
     6 | D        | Learned a level 5 spell: Summon Mana Viper
     6 | D        | Reached XP level 12. HP: 101/101 MP: 0/0
     7 | D        | Noticed a bag of meat
     7 | D        | Noticed a bag of meat
     7 | D        | Noticed a meat berserker
     7 | D        | Noticed a bag of meat
     9 | D        | Killed a meat berserker
     9 | D        | Noticed a bag of meat
    10 | D        | Reached skill level 15 in Invocations
    10 | D        | Reached XP level 13. HP: 65/112 MP: 0/0
    10 | D        | Learned a level 5 spell: Yara's Violent Unravelling
    10 | D        | Killed a meat berserker
    11 | D        | Reached XP level 14. HP: 98/121 MP: 0/0
    11 | D        | Noticed a meat berserker
    12 | D        | Killed a bag of meat
    12 | D        | Reached *** piety under Makhleb
    12 | D        | Noticed a meat berserker
    13 | D        | Killed a bag of meat
    13 | D        | Killed a bag of meat
    13 | D        | Noticed a meat berserker
    13 | D        | Noticed a meat berserker
    14 | D        | Reached skill level 15 in Axes
    14 | D        | Reached XP level 15. HP: 131/131 MP: 0/0
    14 | D        | Learned a level 6 spell: Conjure Ball Lightning
    14 | D        | Reached **** piety under Makhleb
    15 | D        | Reached skill level 15 in Spellcasting
    16 | D        | Killed a meat berserker
    17 | D        | Reached XP level 16. HP: 48/142 MP: 0/0
    17 | D        | Killed a meat berserker
    18 | D        | Killed a meat berserker
    18 | D        | Reached ***** piety under Makhleb
    18 | D        | Noticed a meat berserker
    19 | D        | Reached XP level 17. HP: 120/152 MP: 0/0
    19 | D        | Learned a level 7 spell: Enfeeble
    19 | D        | Killed a meat berserker
    20 | D        | Noticed a meat berserker
    23 | D        | Killed a meat berserker
    23 | D        | Reached ****** piety under Makhleb
    24 | D        | Reached skill level 27 in Fighting
    24 | D        | Reached skill level 27 in Dodging
    24 | D        | Reached XP level 18. HP: 167/167 MP: 0/0
    24 | D        | Noticed a destroyer
    24 | D        | Noticed a destroyer
    25 | D        | Killed a destroyer
    25 | D        | Killed a meat berserker
    25 | D        | Noticed a large bag of meat
    26 | D        | Reached skill level 27 in Invocations
    26 | D        | Reached XP level 19. HP: 174/174 MP: 0/0
    26 | D        | Learned a level 6 spell: Simulacrum
    28 | D        | Reached skill level 27 in Axes
    29 | D        | Noticed a sculptor of flesh
    29 | D        | Noticed a large bag of meat
    31 | D        | Reached XP level 20. HP: 163/181 MP: 0/0
    31 | D        | Killed a large bag of meat
    32 | D        | Reached skill level 27 in Spellcasting
    32 | D        | Noticed a destroyer
    32 | D        | Noticed a meat berserker
    32 | D        | Annihilated by a destroyer

Illustrated notes

Levels and vault maps discovered:
D:        meatsprint

Skill      XL: |  1  2  3  4  5  6  7  8  9 10 11 12 13 14 15 16 17 18 19 20 |
---------------+-------------------------------------------------------------+-----
Fighting       | 14 17 18 20 22 23 27 | 27.0
Axes           | 11 12 14 15 16 18 23 26 27 | 27.0
Dodging        | 15 17 19 21 22 24 27 | 27.0
Spellcasting   | 10 12 13 14 15 17 20 22 26 27 | 27.0
Invocations    | 13 15 16 18 20 21 25 27 | 27.0
Stealth        | |  1.5
Unarmed Combat | |  3.0

Action                   |  1- 3 |  4- 6 |  7- 9 | 10-12 | 13-15 | 16-18 | 19-21 || total
-------------------------+-------+-------+-------+-------+-------+-------+-------++-------
Melee: Executioner's axe |     1 |       |       |     1 |     5 |     7 |     3 ||    17
 Cast: Corpse Rot        |       |       |       |     1 |     1 |       |       ||     2
       Simulacrum        |       |       |       |       |       |       |     1 ||     1
Dodge: Dodged            |       |       |       |       |     1 |     3 |       ||     4
